 Dungeon Crawl Stone Soup version 0.29-a0-845-g6161e89988 (webtiles) character file.

Game seed: 17826810670023577615

31 porpoise the Grasshopper (level 3, 0/29 HPs)
             Began as a Barachi Warper on July 16, 2022.
             Succumbed to an adder's poison
             ... on level 2 of the Dungeon.
             The game lasted 00:03:22 (1569 turns).

porpoise the Grasshopper (Barachi Warper)           Turns: 1569, Time: 00:03:23

Health: 0/29       AC:  5    Str: 14    XL:     3   Next: 22%
Magic:  6/6        EV: 11    Int: 13    God:
Gold:   121        SH:  0    Dex: 11    Spells: 1/6 levels left

rFire   . . .      SeeInvis .   a - +0 spear
rCold   . . .      Faith    .   (no shield)
rNeg    . . .      Spirit   .   q - +0 ring mail
rPois   .          Reflect  .   (no helmet)
rElec   .          Harm     .   (no cloak)
rCorr   .          Rampage  .   (no gloves)
Will    .....                   (no boots)
Stlth   +.........              (no amulet)
HPRegen 0.09/turn               (no ring)
MPRegen 0.10/turn               (no ring)

@: lethally poisoned (0 -> -4), slow
A: amphibious, slowness 1, strong legs 1, +LOS
a: Hop


You were on level 2 of the Dungeon.
You visited 1 branch of the dungeon, and saw 2 of its levels.

You collected 121 gold pieces.

Inventory:

Hand Weapons
 a - a +0 spear (weapon)
 b - a +0 sling
Missiles
 d - 7 boomerangs of dispersal (quivered)
Armour
 q - a +0 ring mail (worn)
Jewellery
 o - a ring of magical power
Scrolls
 c - a scroll of blinking
 g - 3 scrolls of teleportation {unknown}
 h - a scroll of identify {unknown}
 l - a scroll of vulnerability {unknown}
 p - a scroll of summoning {unknown}
Potions
 e - a potion of invisibility {unknown}
 f - a potion of brilliance {unknown}
 k - a potion of curing {unknown}
 m - a potion of lignification {unknown}
 n - a potion of heal wounds {unknown}


   Skills:
 + Level 3.1 Fighting
 * Level 3.1 Polearms
 - Level 1.0 Throwing
 - Level 1.2 Armour
 - Level 2.1 Dodging
 - Level 2.1 Spellcasting
 - Level 3.2 Translocations


You had one spell level left.
You knew the following spells:

 Your Spells              Type           Power      Damage    Failure   Level
b - Lesser Beckoning      Tloc           9%         N/A       36%         3
k - Blink                 Tloc           18%        N/A       21%         2

Your spell library contained the following spells:

 Spells                   Type           Power      Damage    Failure   Level
 Gell's Gravitas          Tloc           9%         N/A       36%         3
 Teleport Other           Tloc           9%         N/A       36%         3
 Manifold Assault         Tloc           9%         N/A       98%         5


Dungeon Overview and Level Annotations

Branches:
Dungeon (2/15)

Altars:


Innate Abilities, Weirdness & Mutations

You are amphibious.
You cover ground slowly.
You can hop short distances.
You have an extended range of vision and can be seen from far away.


Message History

You hit the adder.
The adder is almost dead.
You feel sick. The adder bites you. x2
You are too injured to fight recklessly!
You are too injured to fight recklessly!
You are too injured to fight recklessly!
You miss the adder.
The adder is almost dead.
You feel sick. The adder closely misses you.
You barely miss the adder.
The adder is almost dead.
You feel sick.
You are no longer poisoned.
The adder closely misses you.
You miss the adder.
The adder is almost dead.
The adder bites you.
You barely miss the adder.
The adder is almost dead.
The adder barely misses you. The adder bites you but does no damage.
You hit the adder but do no damage.
The adder is almost dead.
The adder barely misses you.
You miss the adder.
The adder is almost dead.
The adder bites you.
* * * LOW HITPOINT WARNING * * *
You miss the adder.
The adder is almost dead.
The adder bites you.
* * * LOW HITPOINT WARNING * * *
You are lethally poisoned!
The adder poisons you!
You hit the adder but do no damage.
The adder is almost dead.
* * * LOW HITPOINT WARNING * * *
You feel sick. The adder misses you. The adder bites you but does no damage.
You hit the adder.
You kill the adder!
You die...

## .......# #.
......### #.
#####+# #. #.# #.
#.# #. #######.##
#. #........##
#.###.###.....#
#.@.....##...######
#####>#.##.........
#.#.##.#.######
#.#......#
#......### ########


There were no monsters in sight!

Vanquished Creatures
  2 adders (D:2)
  7 ball pythons
  An endoplasm (D:2)
  A goblin (D:1)
  A hobgoblin (D:2)
  2 jackals (D:2)
  2 quokkas
  2 bats (D:2)
  2 frilled lizards (D:1)
  A kobold (D:1)
  2 rats
23 creatures vanquished.

Notes
Turn   | Place    | Note
-------+----------+-------------------------------------------
     0 | D:1      | porpoise the Barachi Warper began the quest for the Orb.
     0 | D:1      | Reached XP level 1. HP: 17/17 MP: 3/3
    85 | D:1      | Found a faded altar of an unknown god.
   486 | D:1      | Reached XP level 2. HP: 23/23 MP: 5/5
  1207 | D:2      | Reached XP level 3. HP: 28/29 MP: 6/6
  1437 | D:2      | Learned a level 2 spell: Blink
  1441 | D:2      | Learned a level 3 spell: Lesser Beckoning
  1568 | D:2      | HP: 1/29 [poisoned by an adder]
  1569 | D:2      | Succumbed to an adder's poison

Illustrated notes

Levels and vault maps discovered:
D:1:      mrwooster_arrival_statue, layout_basic, basic_ecumenical_altar
D:2:      layout_loops_corners, minivault_4

Skill      XL: |  1  2 |
---------------+-------+-----
Fighting       | 3 |  3.1
Polearms       | 3 |  3.1
Throwing       | |  1.0
Armour         | |  1.2
Dodging        | |  2.1
Spellcasting   | |  2.1
Translocations | |  3.2

Action                   || total
-------------------------++-------
Melee: Spear             ||   101
 Fire: Sling             ||    13
Armor: Leather armour    ||     1
       Scale mail        ||    27
       Ring mail         ||     7
Dodge: Dodged            ||    46

Table legend: (Time is in decaauts)
 A = Elapsed time spent in this place.
 B = Non-inter-level travel time spent in this place.
 C = Inter-level travel time spent in this place.
 D = Time resting spent in this place.
 E = Time spent auto-exploring this place.
 F = Levels seen in this place.
 G = Mean time per level.
                   A        B        C        D        E       F      G
               +--------+--------+--------+--------+--------+-----+--------+
         Total |   1746 |   1725 |     21 |    419 |   1051 |   2 |  873.0 |
       Dungeon |   1746 |   1725 |     21 |    419 |   1051 |   2 |  873.0 |
               +--------+--------+--------+--------+--------+-----+--------+

Top non-repeatable levels by time:
     D:2: 962 daAuts
     D:1: 784 daAuts
